 Dungeon Crawl Stone Soup version 0.27.1-34-g3ba077fa99 (webtiles) character file.

Game seed: 889941214374526316

63 pkoi the Insei (level 3, -1/31 HPs)
             Began as a Draconian Monk on Jan 4, 2022.
             Slain by an orc (17 damage)
             ... on level 2 of the Dungeon.
             The game lasted 00:01:39 (2407 turns).

pkoi the Insei (Draconian Monk)                     Turns: 2407, Time: 00:01:39

Health: -1/31      AC:  6    Str: 13    XL:     3   Next: 87%
Magic:  3/3        EV: 12    Int: 11    God:
Gold:   92         SH:  0    Dex: 13    Spells: 2/2 levels left

rFire    . . .     SeeInvis .     - Unarmed
rCold    . . .     Faith    .   (no shield)
rNeg     . . .     Spirit   .   (armour unavailable)
rPois    .         Reflect  .   (helmet restricted)
rElec    .         Harm     .   d - +0 cloak
rCorr    .         Rampage  .   (no gloves)
Will     .....                  (no boots)
Stlth    ++........             (no amulet)
HPRegen  0.10/turn              (no ring)
MPRegen  0.08/turn              (no ring)

@: no status effects
A: AC +5, unfitting armour, cold-blooded
a: no special abilities


You were on level 2 of the Dungeon.
You visited 1 branch of the dungeon, and saw 3 of its levels.

You collected 92 gold pieces.

Inventory:

Missiles
 c - 16 poisoned darts (quivered)
Armour
 d - a +0 cloak (worn)
Scrolls
 e - a scroll of amnesia {unknown}
Potions
 a - a potion of might
 b - a potion of lignification {unknown}


   Skills:
 - Level 3.2 Fighting
 - Level 2.6 Dodging
 - Level 1.7 Stealth
 + Level 4.8 Unarmed Combat


You had 2 spell levels left.
You didn't know any spells.
Your spell library was empty.

Dungeon Overview and Level Annotations

Branches:
Dungeon (3/15)

Altars:


Innate Abilities, Weirdness & Mutations

Your plain brown scales are hard. (AC +5)
You cannot fit into any form of body armour.
You are cold-blooded and may be slowed by cold attacks.


Message History

You see here a ball python corpse.
Found 15 stones.
You see here 15 stones.
There is a large open door here.
You see here a +0 dagger.
There is a large open door here.
There is an open door here.
You see here 9 sling bullets.
Found a ring mail.
Found a stone staircase leading up.
You see here a +0 ring mail.
There is a stone staircase leading up here.
Done exploring.
Done exploring.
(D) Dungeon
Where to? (Enter - D:2 @ (x,y), ? - help)
You see here a +0 quarterstaff.
There is a stone staircase leading down here.
You climb downwards.
The orc wizard shouts!
The orc shouts! x2
Found 15 gold pieces.
There is a stone staircase leading up here.
There are monsters nearby!
The orc priest hits you but does no damage.
The orc wizard hits you but does no damage.
The orc barely misses you. The orc hits you but does no damage.
You climb upwards.
There is a stone staircase leading down here.
You closely miss the orc wizard.
You tail-slap the orc wizard, but do no damage.
The orc hits you but does no damage.
You are electrocuted!
The orc priest hits you but does no damage.
The orc closely misses you.
The orc wizard hits you but does no damage.
You barely miss the orc wizard.
You hit the orc wizard but do no damage.
Your tail-slap misses the orc wizard.
The orc hits you with a +0 hand axe of electrocution.
You are electrocuted!
Ouch! That really hurt!
You die...

##.# #.......#
#......#.#### .#.#
#.......#
########(#### .#.#
#..#.#..# #....# .#.#
#.......# ###.## ##.#
##.#....# #.# .#.#
#.#....# #.# ##†#
#.#....# #.# #.#
#.#.ooo# #.# #.#
#...o@##### ###.#
#.###############...#
#...# #...........#
#.#.# #.###
###########.# #.#.#
#.# #.# #.#.#######.#
#.# #.#.........# #.#
#.###########
#.#####.# #.....#.#


You could see an orc priest, an orc wizard and 2 orcs.

Vanquished Creatures
  2 adders (D:2)
  2 dart slugs (D:1)
  2 endoplasms (D:1)
  3 giant cockroaches
  4 goblins
  2 hobgoblins
  2 jackals (D:1)
  2 quokkas
  5 ball pythons
  6 bats
  3 frilled lizards
  A kobold (D:2)
  7 rats
41 creatures vanquished.

Notes
Turn   | Place    | Note
-------+----------+-------------------------------------------
     0 | D:1      | pkoi the Draconian Monk began the quest for the Orb.
     0 | D:1      | Reached XP level 1. HP: 19/19 MP: 1/1
   360 | D:1      | Reached XP level 2. HP: 22/26 MP: 2/2
   836 | D:1      | Reached skill level 4 in Unarmed Combat
  1027 | D:1      | Found a faded altar of an unknown god.
  1036 | D:1      | Reached XP level 3. HP: 31/31 MP: 3/3
  2407 | D:2      | Slain by an orc

Illustrated notes

Levels and vault maps discovered:
D:1:      dpeg_arrival_ternary, layout_basic,
          chequers_ecumenical_altar_simple_redux
D:2:      layout_basic, grunt_decor_cap, kennysheep_generic_room_4
D:3:      layout_loops_corners, mainiacjoe_overflow_surrounded_room

Skill      XL: |  1  2 |
---------------+-------+-----
Unarmed Combat | 4 |  4.8
Fighting       | |  3.2
Dodging        | |  2.6
Stealth        | |  1.7

Action                   || total
-------------------------++-------
Melee: Unarmed           ||   135
       Tailslap          ||    15
       Punch             ||     3
  Use: Scroll            ||     2
       Potion            ||     2
 Stab: Sleeping          ||     5
Armor: Skin              ||    48
Dodge: Dodged            ||    90
